 Dungeon Crawl Stone Soup version 0.27-a0-789-g6bb3289e1e (webtiles) character file.

Game seed: 14654435123925883263

20 rj54x the Cudgeller (level 2, -2/19 HPs)
             Began as a Gargoyle Berserker on Mar 27, 2021.
             Was a Follower of Trog.
             Slain by Crazy Yiuf
             ... wielding a +3 quarterstaff of chaos
              (6 damage)
             ... on level 2 of the Dungeon.
             The game lasted 00:03:09 (1253 turns).

rj54x the Cudgeller (Gargoyle Berserker)            Turns: 1253, Time: 00:03:10

Health: -2/19      AC:  4    Str: 20    XL:     2   Next: 79%
Magic:  2/2        EV: 11    Int:  7    God:    Trog [*.....]
Gold:   44         SH:  0    Dex:  9    Spells: 1/1 levels left

rFire    . . .     SeeInvis .   d - +0 mace (protect)
rCold    . . .     Faith    .   (no shield)
rNeg     + . .     Spirit   .   b - +0 animal skin
rPois    ∞         Reflect  .   (no helmet)
rElec    +         Harm     .   (no cloak)
rCorr    .         Rampage  .   (no gloves)
Will     .....                  (no boots)
Stlth    +.........             c - amulet of regeneration
HPRegen  1.06/turn              e - +4 ring of slaying
MPRegen  0.08/turn              (no ring)

@: studying Armour
A: AC +2, negative energy resistance 1, electricity resistance, torment
resistance 1, unbreathing 1, petrification resistance
a: Renounce Religion, Berserk


You were on level 2 of the Dungeon.
You worshipped Trog.
Trog was aware of your devotion.
You visited 1 branch of the dungeon, and saw 2 of its levels.

You collected 44 gold pieces.

Inventory:

Hand Weapons
 a - a +0 mace
 d - a +0 mace of protection (weapon)
Armour
 b - a +0 animal skin (worn)
Jewellery
 c - an amulet of regeneration (around neck)
 e - a +4 ring of slaying (right hand)


   Skills:
 - Level 3.2 Fighting
 + Level 4.0 Maces & Flails
 - Level 2.1 Armour
 - Level 1.5 Dodging
 + Level 0.1 Stealth


You had one spell level left.
You didn't know any spells.
Your spell library was empty.

Dungeon Overview and Level Annotations

Branches:
Dungeon (2/15)

Altars:

Annotations:
D:2 Crazy Yiuf


Innate Abilities, Weirdness & Mutations

Your stone body is resilient. (AC +2)
You are immune to poison.
You resist negative energy. (rN+)
You are resistant to electric shocks. (rElec)
You are resistant to unholy torment.
You can survive without breathing.
You are immune to petrification.


Message History

Found a hunting sling.
Found an escape hatch in the floor.
There is a stone staircase leading up here.
Press: ? - help, v - describe, . - travel, g - get item Item here: a hunting sling.
The floor.
You closely miss the frilled lizard.
The frilled lizard bites you but does no damage.
You hit the frilled lizard.
You kill the frilled lizard!
Trog accepts your kill.
No target in view!
A ball python comes into view.
The ball python hisses angrily.
You sock the ball python!
You kill the ball python!
Trog accepts your kill.
Your Maces & Flails skill increases to level 4!
No target in view!
Found a mace.
Found two maces.
You see here a +0 mace.
Found a runed mace and six maces.
Found a runed translucent door.
You see here a +0 mace.
Found a mace.
You see here a +0 mace of protection.
d - a +0 mace of protection Crazy Yiuf shouts!
Crazy Yiuf says, "Crazy?
Crazy!?
PORCUPINE!"
You see here a +0 mace.
Found three maces.
You see here a +0 mace.
Your +0 mace of protection hums with potential!
d - a +0 mace of protection (weapon)
No reachable target in view!
You open the door.
Crazy Yiuf hits you with a +3 quarterstaff of chaos!
Ouch! That really hurt!
* * * LOW HITPOINT WARNING * * *
Crazy Yiuf freezes you.
You die...

#.# #..........
#.# #........>.
#.# #..........
#.# ##########.
#.# #.###♣♣♣♣♣
#.##.P)♣)♣♣♣ ###
#....P.)♣.)♣#)))#
#......♣♣♣♣@g)).#
##.#..♣♣ ♣♣#)))#
####♣♣ ###


You could see Crazy Yiuf.

Vanquished Creatures
  A ball python (D:2)
  2 bats (D:1)
  4 endoplasms (D:1)
  A hobgoblin (D:1)
  3 jackals (D:1)
  3 quokkas (D:1)
  A frilled lizard (D:2)
  A rat (D:1)
16 creatures vanquished.

Notes
Turn   | Place    | Note
-------+----------+-------------------------------------------
     0 | D:1      | rj54x the Gargoyle Berserker began the quest for the Orb.
     0 | D:1      | Reached XP level 1. HP: 14/14 MP: 1/1
   312 | D:1      | Reached XP level 2. HP: 17/19 MP: 2/2
  1219 | D:2      | Reached skill level 4 in Maces & Flails
  1247 | D:2      | Found a runed translucent door.
  1248 | D:2      | Noticed Crazy Yiuf
  1253 | D:2      | Slain by Crazy Yiuf

Illustrated notes

Levels and vault maps discovered:
D:1:      mushboom_english_gardens, layout_basic, chequers_serial_rivers_marsh,
          minmay_misc_feat_cross
D:2:      minmay_thinvault, layout_rooms, minitemple, uniq_crazy_yiuf_cottage

Skill      XL: |  1  2 |
---------------+-------+-----
Maces & Flails | 4 |  4.0
Fighting       | |  3.2
Armour         | |  2.1
Dodging        | |  1.5
Stealth        | |  0.1

Action                   || total
-------------------------++-------
Melee: Mace              ||    42
Invok: Berserk           ||     1
  Use: Scroll            ||     3
Armor: Animal skin       ||    15
Dodge: Dodged            ||    31

Table legend: (Time is in decaauts)
 A = Elapsed time spent in this place.
 B = Non-inter-level travel time spent in this place.
 C = Inter-level travel time spent in this place.
 D = Time resting spent in this place.
 E = Time spent auto-exploring this place.
 F = Levels seen in this place.
 G = Mean time per level.
                   A        B        C        D        E       F      G
               +--------+--------+--------+--------+--------+-----+--------+
         Total |   1274 |   1227 |     47 |    210 |    885 |   2 |  637.0 |
       Dungeon |   1274 |   1227 |     47 |    210 |    885 |   2 |  637.0 |
               +--------+--------+--------+--------+--------+-----+--------+

Top non-repeatable levels by time:
     D:1: 1231 daAuts
     D:2: 42 daAuts
